 Dungeon Crawl Stone Soup version 0.30.1-4-g462c640d31 (webtiles) character file.

Game seed: 18400796772983517346

860 Gorgoleon the Destroyer (level 7, 0/36 HPs)
             Began as a Deep Elf Hedge Wizard on Aug 19, 2023.
             Was an Initiate of Vehumet.
             Slain by a boulder beetle (22 damage)
             ... on level 6 of the Dungeon.
             The game lasted 00:22:36 (6441 turns).

Gorgoleon the Destroyer (Deep Elf Hedge Wizard)     Turns: 6441, Time: 00:22:37

Health: 0/36       AC:  3    Str:  7    XL:     7   Next: 71%
Magic:  12/15      EV: 12    Int: 21    God:    Vehumet [......]
Gold:   661        SH:  0    Dex: 14    Spells: 5/14 levels left

rFire   . . .        e - staff of conjuration
rCold   . . .        (no shield)
rNeg    + . .        b - +1 robe
rPois   .            c - +0 hat
rElec   .            (no cloak)
rCorr   .            (no gloves)
SInv    .            (no boots)
Will    +....        t - amulet of magic regeneration
Stlth   ++           i - ring of positive energy
HPRegen 0.26/turn    j - ring of willpower
MPRegen 0.54/turn

%: no passive effects
@: no status effects
A: no striking features
a: Renounce Religion


You were on level 6 of the Dungeon.
You worshipped Vehumet.
Vehumet was noncommittal.
You visited 2 branches of the dungeon, and saw 7 of its levels.

You collected 1051 gold pieces.
You spent 390 gold pieces at shops.

Inventory:

Armour
 b - a +1 robe (worn)
 c - a +0 hat (worn)
Magical Staves
 e - a staff of conjuration (weapon)
Jewellery
 i - a ring of positive energy (left hand)
 j - a ring of willpower (right hand)
 t - an amulet of magic regeneration (around neck)
Wands
 r - a wand of mindburst (19)
 s - a wand of flame (17)
 u - a wand of charming (5)
Scrolls
 a - 2 scrolls of magic mapping
 f - a scroll of amnesia
 l - 2 scrolls of identify
 m - 3 scrolls of fog
 p - 2 scrolls of vulnerability
 q - a scroll of silence
 v - a scroll of teleportation
 w - a scroll of brand weapon
Potions
 d - a potion of magic
 g - a potion of invisibility
 h - 6 potions of curing
 k - a potion of resistance
 n - a potion of heal wounds
 o - a potion of mutation
 x - a potion of ambrosia


   Skills:
 - Level 2.4 Dodging
 - Level 2.4 Stealth
 - Level 4.4 Spellcasting
 - Level 8.0 Conjurations
 - Level 1.0 Hexes
 - Level 1.1 Summonings
 - Level 1.0 Necromancy
 - Level 1.1 Translocations
 * Level 4.5 Fire Magic
 - Level 1.0 Air Magic
 - Level 1.0 Poison Magic


You had 5 spell levels left.
You knew the following spells:

 Your Spells              Type           Power      Damage    Failure   Level
a - Magic Dart            Conj           100%       1d8       1%          1
b - Slow                  Hex            32%        N/A       8%          1
c - Call Imp              Summ           18%        N/A       11%         2
d - Blink                 Tloc           18%        N/A       11%         2
e - Cigotuvi's Dreadful   Necr/Pois/Air  16%        N/A       12%         2
f - Foxfire               Conj/Fire      100%       2x1d9     1%          1

Your spell library contained the following spells:

 Spells                   Type           Power      Damage    Failure   Level
 Mephitic Cloud           Conj/Pois/Air  27%        N/A       9%          3
 Iskenderun's Battlesphe  Conj           55%        2d11      12%         5
 Fireball                 Conj/Fire      23%        3d11      24%         5
 Frozen Ramparts          Ice            8%         1d2       34%         3
 Summon Ice Beast         Ice/Summ       6%         N/A       67%         4
 Ice Form                 Ice/Tmut       4%         N/A       75%         4
 Starburst                Conj/Fire      23%        6d8       80%         6
 Conjure Ball Lightning   Conj/Air       17%        3x3d6     95%         6
 Orb of Destruction       Conj           27%        9d9       98%         7
 Plasma Beam              Fire/Air       8%         2x1d20    99%         6
 Discord                  Hex            4%         N/A       100%        8
 Disjunction              Tloc           4%         N/A       100%        8


Dungeon Overview and Level Annotations

Branches:
Dungeon (6/15)             Temple (1/1) D:4

Altars:
Ashenzari
Elyvilon
Fedhas
Gozag
Kikubaaqudgha
Makhleb
Nemelex Xobeh
Ru
Vehumet
Xom
Yredelemnul
Zin
The Shining One

Shops:
D:2 =   D:3 =   D:4 *   D:5 *


Message History

The boulder beetle is lightly wounded.
The foxfire hits the boulder beetle but does no damage.
The boulder beetle is lightly wounded.
Casting: Foxfire (safe; 1% risk of failure)
Press: ? - help, Q - select action, (/) - cycle Dir - look around, f - activate You feel a surge of power!
You conjure some foxfire!
The foxfire hits the boulder beetle but does no damage.
The boulder beetle is lightly wounded.
The foxfire hits the boulder beetle.
The boulder beetle is lightly wounded.
Casting: Foxfire (safe; 1% risk of failure)
Press: ? - help, Q - select action, (/) - cycle Dir - look around, f - activate You feel a surge of power!
You conjure some foxfire!
The foxfire hits the boulder beetle but does no damage.
The boulder beetle is lightly wounded.
The boulder beetle closely misses you.
The boulder beetle stops rolling and uncurls.
The foxfire hits the boulder beetle but does no damage.
The boulder beetle is lightly wounded.
The foxfire hits the boulder beetle but does no damage.
The boulder beetle is lightly wounded.
The foxfire hits the boulder beetle but does no damage.
The boulder beetle is lightly wounded.
You see here a +0 plate armour.
Casting: Foxfire (safe; 1% risk of failure)
Confirm with . or Enter, or press ? or * to list all spells.
Aiming: Slow (safe; 8% risk of failure)
Press: ? - help, Shift-Dir - straight line, f - boulder beetle
Aim: a boulder beetle (lightly wounded, chance to affect: 25%)
The boulder beetle resists with almost no effort.
The boulder beetle misses you.
Casting: Slow (safe; 8% risk of failure)
Confirm with . or Enter, or press ? or * to list all spells.
Aiming: Slow (safe; 8% risk of failure)
Press: ? - help, Shift-Dir - straight line, f/p - boulder beetle
Aim: a boulder beetle (lightly wounded, chance to affect: 25%)
The boulder beetle resists with almost no effort.
The boulder beetle bites you!!
Ouch! That really hurt!
You die...

#### ###..# ###~§~~~~ ##.#
§§~~~~ #.## ~~~~~ #..# ~~~~~
##########.### ~~~~
###............### #~~~
##................###
#...................###
#..........@B.........#
#....................##
#.............)......#
#...................##
#..........<........########
#...........................
#..................#########
##................##
#...............##


You could see a boulder beetle.

Vanquished Creatures
  A black bear (D:4)
  A centaur (D:6)
  A phantom (D:6)
  2 scorpions
  A howler monkey (D:4)
  2 hounds
  An orc priest (D:4)
  A jelly (D:6)
  2 iguanas
  2 sleepcaps
  3 orc wizards
  5 adders
  4 gnolls
  2 ufetubi (D:4)
  A worm (D:3)
  2 dart slugs (D:1)
  6 orcs
  5 ball pythons
  4 bats
  3 bat zombies (D:3)
  4 endoplasms
  3 giant cockroaches
  8 goblins
  5 hobgoblins
  2 jackals (D:3)
  3 kobolds
  2 quokkas
  7 rats
  2 rat zombies (D:3)
85 creatures vanquished.

Vanquished Creatures (others)
  198 foxfires
198 creatures vanquished.

Grand Total: 283 creatures vanquished

Notes
Turn   | Place    | Note
-------+----------+-------------------------------------------
     0 | D:1      | Gorgoleon the Deep Elf Hedge Wizard began the quest for the
                  | Orb.
     0 | D:1      | Reached XP level 1. HP: 10/10 MP: 7/7
     2 | D:1      | Learned a level 1 spell: Slow
   237 | D:1      | Reached skill level 2 in Conjurations
   529 | D:1      | Reached XP level 2. HP: 15/15 MP: 6/9
   558 | D:1      | Learned a level 2 spell: Call Imp
   561 | D:1      | Learned a level 2 spell: Blink
   564 | D:1      | Learned a level 2 spell: Cigotuvi's Dreadful Rot
   670 | D:1      | Reached skill level 1 in Hexes
  1048 | D:1      | Reached skill level 3 in Conjurations
  1119 | D:1      | Reached XP level 3. HP: 19/19 MP: 8/10
  1794 | D:2      | Found Zudam's Jewellery Shop.
  2110 | D:2      | Learned a level 1 spell: Foxfire
  2501 | D:3      | Found an opulent altar of Gozag.
  2608 | D:3      | Reached skill level 4 in Conjurations
  2623 | D:3      | Found an ancient bone altar of Kikubaaqudgha.
  2900 | D:3      | Reached XP level 4. HP: 21/24 MP: 8/12
  2925 | D:3      | Found a faded altar of an unknown god.
  3184 | D:3      | Found a sparkling altar of Nemelex Xobeh.
  3271 | D:3      | Found Myub's Jewellery Boutique.
  3662 | D:4      | Identified a scroll of acquirement
  3662 | D:4      | Acquired a staff of conjuration
  3778 | D:4      | Found a staircase to the Ecumenical Temple.
  3849 | D:4      | Reached skill level 1 in Necromancy
  3882 | D:4      | Noticed a black bear
  3885 | D:4      | Reached skill level 1 in Fire Magic
  3885 | D:4      | Reached skill level 1 in Air Magic
  3885 | D:4      | Reached skill level 1 in Poison Magic
  3885 | D:4      | Reached XP level 5. HP: 25/28 MP: 7/13
  3886 | Temple   | Entered the Ecumenical Temple
  3898 | Temple   | Became a worshipper of Vehumet
  4031 | D:4      | Reached skill level 5 in Conjurations
  4172 | D:4      | Killed a black bear
  4173 | D:4      | Reached XP level 6. HP: 32/32 MP: 8/14
  4240 | D:4      | Reached skill level 6 in Conjurations
  4603 | D:4      | Found Xuddad's Lightly-Used Armoury.
  4716 | D:5      | Entered Level 5 of the Dungeon
  4891 | D:5      | Identified the +1 chain mail "Ucvir Leorch" {Harm rN++}
  4931 | D:5      | Found Sounem's Assorted Antiques.
  5016 | D:5      | Found a white marble altar of Elyvilon.
  5034 | D:5      | Acquired 691 gold pieces
  5139 | D:3      | Bought an amulet of magic regeneration for 390 gold pieces
  5538 | D:5      | Reached skill level 7 in Conjurations
  5538 | D:5      | Reached XP level 7. HP: 21/36 MP: 12/15
  5894 | D:6      | Found a broken altar of Ashenzari.
  6321 | D:6      | Reached skill level 8 in Conjurations
  6419 | D:6      | Noticed a boulder beetle
  6420 | D:6      | Noticed a manticore
  6441 | D:6      | Slain by a boulder beetle

Illustrated notes

Levels and vault maps discovered:
D:1:      wheals_arrival_linesprint, layout_basic, roderic_serpentine_path
D:2:      layout_rooms, serial_shops, nicolae_shop_tiny_glass
D:3:      layout_loops_ring, lemuel_zombie_altar_kikubaaqudgha,
          lemuel_coloured_pillars_altar, mainiacjoe_overflow_surrounded_room,
          serial_shops, nicolae_lakefront_shop, basic_ecumenical_altar,
          wad_floor_pattern_untrapped
D:4:      layout_loops_ring, minmay_temple_entry_stoned_glass,
          minmay_shop_damaged
D:5:      layout_loops_cross, old_standard_altar, serial_shops,
          nicolae_shop_hallway_plus
D:6:      kennysheep_big_flooded_room, layout_cave_pods,
          nicolae_ashenzari_panopticon, kb_lookout_dungeons_type
Temple:   hellmonk_temple_micro_hex

Skill      XL: |  1  2  3  4  5  6  7 |
---------------+----------------------+-----
Conjurations   | 2 3 4 5 7 8 |  8.0
Hexes          | 1 |  1.0
Necromancy     | 1 |  1.0
Fire Magic     | 1 2 3 4 |  4.5
Air Magic      | 1 |  1.0
Poison Magic   | 1 |  1.0
Dodging        | |  2.4
Stealth        | |  2.4
Spellcasting   | |  4.4
Summonings     | |  1.1
Translocations | |  1.1

Action                     |  1- 3 |  4- 6 |  7- 9 || total
---------------------------+-------+-------+-------++-------
  Melee: Dagger            |    16 |     4 |       ||    20
         Staff             |       |    10 |     3 ||    13
   Cast: Magic Dart        |    71 |    14 |     3 ||    88
         Foxfire           |    13 |    60 |    41 ||   114
         Slow              |       |       |     2 ||     2
    Use: Scroll            |       |    15 |     5 ||    20
         Potion            |       |     1 |       ||     1
 Armour: Robe              |     7 |     9 |       ||    16
  Dodge: Dodged            |    27 |    26 |     8 ||    61
